 Dungeon Crawl Stone Soup version 0.23.2-40-g277498a001 (webtiles) character file.

Game seed: 11446026113961814390

287 Curus the Carver (level 6, -8/51 HPs)
             Began as a Minotaur Monk on Oct 20, 2019.
             Mangled by Duvessa
             ... wielding a cursed +0 short sword
              (10 damage)
             ... on level 4 of the Dungeon.
             The game lasted 00:11:39 (3018 turns).

Curus the Carver (Minotaur Monk)                    Turns: 3018, Time: 00:11:39

Health: -8/51      AC: 12    Str: 14 (15) XL:     6   Next: 8%
Magic:  5/5        EV:  4    Int:  6 (7)  God:
Gold:   169        SH:  0    Dex: 15      Spells: 5/5 levels left

rFire    . . .     SeeInvis .   a - +0 falchion
rCold    . . .     Gourm    .   (no shield)
rNeg     . . .     Faith    .   l - +0 plate armour
rPois    .         Spirit   .   (helmet restricted)
rElec    .         Reflect  .   j - +0 cloak
rCorr    .         Harm     .   h - +0 pair of gloves
MR       .....     Clarity  +   (no boots)
Stlth    ..........             (no amulet)
HPRegen  0.17/turn              d - ring of flight
MPRegen  0.09/turn              m - ring of attention (curse)

@: no status effects
A: retaliatory headbutt, horns 2, clarity, deterioration 1, MP-powered wands
a: Evoke Flight


You were on level 4 of the Dungeon.
You were not hungry.

You visited 1 branch of the dungeon, and saw 4 of its levels.

You collected 169 gold pieces.

Inventory:

Hand Weapons
 a - a +0 falchion (weapon)
Armour
 b - a +1 robe
 f - a +1 chain mail
 h - a +0 pair of gloves (worn)
 j - a +0 cloak (worn)
 l - a +0 plate armour (worn)
Jewellery
 d - a ring of flight (left hand)
 i - an uncursed ring of magical power
 m - a cursed ring of attention (right hand)
Scrolls
 g - 3 scrolls of identify
 k - 2 scrolls of remove curse
Potions
 e - 4 potions of curing
Comestibles
 c - 4 rations


   Skills:
 - Level 3.6 Fighting
 + Level 8.3 Long Blades
 - Level 3.2 Dodging
 - Level 1.5 Stealth


You had 5 spell levels left.
You didn't know any spells.
Your spell library was empty.

Dungeon Overview and Level Annotations

Branches:
Dungeon (4/15)
 Temple: D:4-7

Altars:

Annotations:
D:4 Duvessa


Innate Abilities, Weirdness & Mutations

You reflexively headbutt those who attack you in melee.
You have a pair of horns on your head.
You possess an exceptional clarity of mind.
Your body sometimes deteriorates upon taking damage.
You expend magic power (3 MP) to strengthen your wands.


Message History

Duvessa hits you with a cursed +0 short sword.
* * * LOW HITPOINT WARNING * * *
Duvessa hits you but does no damage.
You hit Duvessa. You headbutt Duvessa, but do no damage.
Duvessa is moderately wounded.
Duvessa completely misses you. You furiously retaliate!
You headbutt Duvessa, but do no damage.
You riposte.
You hit Duvessa but do no damage. You headbutt Duvessa, but do no damage.
Duvessa is moderately wounded.
You hit Duvessa. You headbutt Duvessa.
Duvessa is moderately wounded.
Duvessa hits you with a cursed +0 short sword.
* * * LOW HITPOINT WARNING * * *
Unknown command.
Unknown command.
You hit Duvessa but do no damage.
Duvessa is moderately wounded.
Duvessa hits you but does no damage.
Duvessa hits you with a cursed +0 short sword!
You die...

####### #.....############
#.###.....>..))..# ###.#
#######.##)#.######
##...#########.##.#.......
.#.#...........e@....###
.#...######............#
.##..######.#####.#.##.#
............ #(#... #
###.....###. #.####.#
###.###.# #.. .. ....# .#
... . ##### # ####


You could see Duvessa (berserk).

Vanquished Creatures
  Dowan (D:4)
  An orc wizard (D:3)
  Crazy Yiuf (D:2)
  4 gnolls (D:4)
  6 adders
  A worm (D:2)
  2 dart slugs
  3 leopard geckos
  10 orcs (D:3)
  2 ball pythons
  8 bats
  4 giant cockroaches
  9 hobgoblins
  5 jackals
  2 quokkas
  6 frilled lizards
  7 goblins
  6 kobolds
  5 rats
83 creatures vanquished.

Notes
Turn   | Place    | Note
-------+----------+-------------------------------------------
     0 | D:1      | Curus the Minotaur Monk began the quest for the Orb.
     0 | D:1      | Reached XP level 1. HP: 19/19 MP: 0/0
    69 | D:1      | Reached skill level 4 in Long Blades
   146 | D:1      | Reached XP level 2. HP: 19/26 MP: 1/1
   346 | D:1      | Reached skill level 5 in Long Blades
   388 | D:1      | Gained mutation: You expend magic power (3 MP) to
                  | strengthen your wands. [potion of mutation]
   388 | D:1      | Gained mutation: Your body sometimes deteriorates upon
                  | taking damage. [potion of mutation]
   388 | D:1      | Gained mutation: You possess an exceptional clarity of
                  | mind. [potion of mutation]
   568 | D:1      | Reached XP level 3. HP: 31/31 MP: 2/2
  1047 | D:2      | Found a runed translucent door.
  1048 | D:2      | Noticed Crazy Yiuf
  1250 | D:2      | Reached XP level 4. HP: 39/39 MP: 3/3
  1283 | D:2      | Reached skill level 6 in Long Blades
  1462 | D:2      | Killed Crazy Yiuf
  1864 | D:3      | Reached skill level 7 in Long Blades
  1864 | D:3      | Reached XP level 5. HP: 39/45 MP: 4/4
  2962 | D:4      | Noticed Dowan
  2964 | D:4      | Noticed Duvessa
  2983 | D:4      | Killed Dowan
  2983 | D:4      | Reached skill level 8 in Long Blades
  2993 | D:4      | Reached XP level 6. HP: 36/51 MP: 5/5
  3017 | D:4      | HP: 2/51 [Duvessa/cursed +0 short sword (4)]
  3018 | D:4      | Mangled by Duvessa

Skill      XL: |  1  2  3  4  5 |
---------------+----------------+-----
Long Blades    | 4 5 7 8 |  8.3
Fighting       | |  3.6
Dodging        | |  3.2
Stealth        | |  1.5

Action                   |  1- 3 |  4- 6 || total
-------------------------+-------+-------++-------
Melee: Falchion          |    99 |   144 ||   243
       Headbutt          |    15 |    27 ||    42
  Use: Scroll            |     6 |     1 ||     7
       Potion            |     4 |       ||     4
 Stab: Sleeping          |     3 |       ||     3
  Eat: Chunk             |     1 |       ||     1
       Ration            |       |     2 ||     2
Armor: Robe              |     6 |       ||     6
       Chain mail        |    37 |    50 ||    87
       Plate armour      |       |    50 ||    50
Dodge: Dodged            |    54 |    39 ||    93
       Rpst.: Falchion   |    19 |    11 ||    30
